 Dungeon Crawl Stone Soup version 0.17-a0-2027-gcac42c4 (webtiles) character file.

14114 Goblin1989 the Martial Artist (level 12, -5/67 HPs)
             Began as a Vine Stalker Monk on Oct 10, 2015.
             Was the Champion of Cheibriados.
             Slain by a titanic slime creature (71 damage)
             ... on level 12 of the Dungeon.
             The game lasted 00:49:51 (10731 turns).

Goblin1989 the Martial Artist (Vine Stalker Monk)  Turns: 10731, Time: 00:49:51

Health: -5/67      AC:  6    Str: 29    XL:     12   Next: 13%
Magic:  0/15       EV: 15    Int: 29    God:    Cheibriados [******]
Gold:   562        SH:  0    Dex: 39    Spells: 2 memorised, 3 levels left

rFire  . . .     SeeInvis .       - Unarmed
rCold  . . .     Clarity  .     X - +0 troll leather armour
rNeg   . . .     SustAt   .     (no shield)
rPois  .         Gourm    .     (no helmet)
rElec  +         Spirit   +     T - +0 cloak
rCorr  +         Warding  .     (no gloves)
rMut   .         Stasis   .     (no boots)
MR     +....                    C - amulet of resist corrosion
Stlth  ++++......               f - ring of wizardry
                                l - +6 ring of dexterity

@: very slow, somewhat resistant to hostile enchantments, stealthy
A: fangs 3, regeneration 3, electricity resistance, magic shield, antimagic
bite, no device heal 3, rot immunity
a: Bend Time, Temporal Distortion, Slouch, Step From Time, Renounce Religion


You were on level 12 of the Dungeon.
You worshipped Cheibriados.
Cheibriados was exalted by your worship.
You were not hungry.

You visited 2 branches of the dungeon, and saw 13 of its levels.

You collected 654 gold pieces.
You spent 92 gold pieces at shops.

Inventory:

Hand Weapons
 b - a +0 blowgun
Missiles
 L - 14 poisoned needles
Armour
 t - a +3 leather armour of poison resistance
 D - a +2 robe of positive energy
 N - a +0 scale mail of cold resistance
 T - a +0 cloak (worn)
 X - a +0 troll leather armour (worn)
Jewellery
 f - a ring of wizardry (right hand)
 g - a +5 ring of strength
 h - an uncursed ring of ice
 k - an uncursed ring of ice
 l - a +6 ring of dexterity (left hand)
 n - an uncursed ring of fire
 s - an uncursed ring of flight
 C - an amulet of resist corrosion (around neck)
 J - an uncursed ring of see invisible
 K - an uncursed ring of sustain attributes
 U - an uncursed ring of stealth
Wands
 E - a wand of fire (0)
 I - a wand of fireball (3)
 S - a wand of lightning (10)
Scrolls
 a - a scroll of remove curse
 d - a scroll of summoning
 j - 2 scrolls of identify
 m - 2 scrolls of immolation
 p - 2 scrolls of blinking {unknown}
 q - a scroll of recharging {unknown}
 r - 3 scrolls of magic mapping {unknown}
 u - 4 scrolls of amnesia {unknown}
 v - 3 scrolls of enchant weapon {unknown}
 y - a scroll of acquirement {unknown}
 z - 2 scrolls of fear {unknown}
 H - 3 scrolls of enchant armour
 O - 3 scrolls of teleportation
 Q - a scroll of holy word {unknown}
Potions
 e - a potion of cure mutation
 i - a potion of invisibility {unknown}
 w - a potion of resistance
 A - 4 potions of brilliance
 B - 4 potions of flight
 Y - a potion of curing
Books
 R - a book of Unlife

   Spells                             Type                      Level
   a - Recall                         Summoning/Translocation      3
   b - Animate Dead                   Necromancy                   4
   c - Control Undead                 Necromancy                   4
   d - Cigotuvi's Embrace             Necromancy                   5
   e - Death Channel                  Necromancy                   6
   f - Simulacrum                     Ice/Necromancy               6
Miscellaneous
 P - a stone of tremors
 V - a lantern of shadows
Comestibles
 c - 4 fruits
 x - 3 meat rations
 F - 10 slices of pizza
 G - 2 beef jerkies
 M - a royal jelly
 W - 11 bread rations


   Skills:
 - Level 10.1 Fighting
 + Level 5.0 Armour
 - Level 3.0 Dodging
 - Level 3.9 Stealth
 + Level 13.1 Unarmed Combat
 + Level 1.2 Spellcasting
 - Level 5.0 Necromancy
 + Level 1.0 Ice Magic
 + Level 3.7 Invocations


You had 3 spell levels left.
You knew the following spells:

 Your Spells              Type           Power        Failure   Level  Hunger
a - Animate Dead          Necr           N/A          6%          4    #####..
b - Simulacrum            Ice/Necr       ###.......   99%         6    #######


Dungeon Overview and Level Annotations

Branches:
Dungeon (12/15)            Temple (0/1) D:4            Lair (1/8) D:8
    Orc (0/4) D:10

Altars:
Cheibriados
Dithmenos
Gozag
Kikubaaqudgha
Nemelex Xobeh
Okawaru
Qazlal
Xom
Yredelemnul
Zin

Shops:
D:6 [   D:8 %


Innate Abilities, Weirdness & Mutations

You have razor-sharp teeth.
You regenerate.
When hurt, damage is shared between your health and your magic reserves.
Your bite disrupts and absorbs the magic of your enemies.
Potions and wands cannot restore your health.
You are immune to rotting.
You are resistant to electric shocks.


Message History

The very large slime creature is almost dead.
The kobold demonologist casts a cantrip, but nothing happens.
Two slime creatures merge to form an enormous slime creature.
A centaur comes into view.
The centaur shouts!
You punch the enormous slime creature! You bite the enormous slime creature!
You drain its power.
The enormous slime creature is almost dead.
Two slime creatures merge to form a titanic slime creature.
You punch the titanic slime creature! You bite the titanic slime creature!
You drain its power.
The titanic slime creature is severely wounded.
The kobold demonologist miscasts a cantrip.
The titanic slime creature completely misses you.
You barely miss the titanic slime creature.
You bite the titanic slime creature. You drain its power.
The titanic slime creature is severely wounded.
The titanic slime creature hits you!!!!
Ouch! That really hurt!
You die...

## ####### .. ...... #.
#.... # ..#.. #..# .#
..J..c##..##.#
.KccccJ@.....#
#############....#
######...........#.#..#
#................#....#
#................#....#
#................#....#
####'########'####..#.#
....................#.#
...............##...#.#


You could see a titanic slime creature, a slime creature, a kobold demonologist
and 5 centaurs.

Vanquished Creatures
  A hydra (Lair:1)
  An unseen horror (D:12)
  2 hill giants (D:10)
  Pikel (D:4)
  A cyclops (D:11)
  Joseph (D:8)
  A guardian serpent (D:9)
  A spiny frog (Lair:1)
  A kobold demonologist (D:12)
  3 trolls
  A fire drake (D:8)
  The ghost of DEFE the Stinger, an amateur OpVM (D:4)
  14 yaks
  A human (D:7)
  A hungry ghost (D:10)
  A wraith (D:10)
  2 wyverns
  2 hogs (D:7)
  3 water moccasins
  3 ice beasts
  2 phantoms
  A porcupine (Lair:1)
  6 orc warriors
  A necrophage (D:10)
  A black bear (D:6)
  A slave (D:4)
  5 ogres
  2 crocodiles
  7 centaurs
  2 big kobolds
  9 giant frogs
  4 scorpions
  3 wights (D:7)
  5 killer bees (D:8)
  4 hounds
  2 centaur zombies
  4 crimson imps
  8 orc priests
  A giant frog zombie (D:5)
  2 jellies
  2 centaur skeletons
  7 iguanas
  15 orc wizards
  A killer bee zombie (D:10)
  9 worker ants
  2 sheep (D:7)
  A hound skeleton (D:4)
  2 worker ant zombies
  20 adders
  A gnoll (D:2)
  A shadow imp (D:6)
  2 adder zombies (D:5)
  A worm (D:3)
  2 adder skeletons
  4 giant geckos
  42 orcs
  2 ball pythons
  4 giant cockroaches
  2 gnoll zombies (D:5)
  16 goblins
  6 hobgoblins
  14 jackals
  6 quokkas
  6 bats
  6 giant newts
  17 kobolds
  7 rats
310 creatures vanquished.

Vanquished Creatures (others)
  A slave (D:4)
  A scorpion (D:4)
  A giant frog skeleton (D:4)
  A giant gecko skeleton (D:4)
4 creatures vanquished.

Grand Total: 314 creatures vanquished

Notes
Turn   | Place    | Note
--------------------------------------------------------------
     0 | D:1      | Goblin1989 the Vine Stalker Monk began the quest for the Orb.
     0 | D:1      | Reached XP level 1. HP: 11/11 MP: 2/2
   121 | D:1      | Reached XP level 2. HP: 13/16 MP: 3/3
  1067 | D:2      | Reached XP level 3. HP: 17/19 MP: 4/4
  1072 | D:2      | Reached skill level 5 in Unarmed Combat
  1335 | D:2      | Found a snail-covered altar of Cheibriados.
  1345 | D:2      | Reached XP level 4. HP: 16/23 MP: 5/5
  1360 | D:2      | Became a worshipper of Cheibriados the Contemplative
  1360 | D:2      | Acquired Cheibriados's first power
  2010 | D:3      | You fall through a shaft for 3 floors!
  2014 | D:6      | Reached skill level 6 in Unarmed Combat
  2016 | D:6      | Reached XP level 5. HP: 23/27 MP: 6/6
  2025 | D:6      | Found Boetzauth's Antique Armour Boutique.
  2054 | D:5      | Entered Level 5 of the Dungeon
  2074 | D:4      | Found a staircase to the Ecumenical Temple.
  2233 | D:3      | Acquired Cheibriados's second power
  2310 | D:3      | Reached skill level 7 in Unarmed Combat
  2465 | D:3      | Found a shadowy altar of Dithmenos.
  2494 | D:3      | Gained mutation: You heal very quickly. [Vine Stalker growth]
  2494 | D:3      | Reached XP level 6. HP: 32/32 MP: 7/7
  2517 | D:3      | Found a stormy altar of Qazlal.
  2519 | D:3      | Found an iron altar of Okawaru.
  2700 | D:4      | Noticed a slave
  2702 | D:4      | Noticed a slave
  2703 | D:4      | Noticed Pikel
  2704 | D:4      | Noticed a slave
  2705 | D:4      | Noticed a phantom
  2706 | D:4      | Noticed a slave
  2708 | D:4      | Killed a slave
  2719 | D:4      | Noticed DEFE's ghost (amateur OpVM)
  2809 | D:4      | Noticed an ogre
  2815 | D:4      | Killed an ogre
  2850 | D:4      | Reached skill level 8 in Unarmed Combat
  2859 | D:4      | Killed a phantom
  2859 | D:4      | Reached XP level 7. HP: 24/36 MP: 6/8
  2950 | D:5      | Acquired Cheibriados's third power
  3119 | D:5      | Found a basalt altar of Yredelemnul.
  3387 | D:5      | Found a glowing silver altar of Zin.
  3388 | D:5      | Found an opulent altar of Gozag.
  3467 | D:5      | Found a sparkling altar of Nemelex Xobeh.
  3596 | D:5      | Reached skill level 9 in Unarmed Combat
  3827 | D:6      | Noticed a giant frog
  3832 | D:6      | Killed a giant frog
  3832 | D:6      | Gained mutation: You have razor-sharp teeth. [Vine Stalker growth]
  3832 | D:6      | Reached XP level 8. HP: 42/42 MP: 9/9
  3881 | D:6      | Noticed an ogre
  3886 | D:6      | Killed an ogre
  3979 | D:6      | Noticed an orc warrior
  3988 | D:6      | Killed an orc warrior
  3988 | D:6      | Acquired Cheibriados's fourth power
  3993 | D:6      | Noticed a giant frog
  4006 | D:6      | Killed a giant frog
  4027 | D:6      | Reached skill level 10 in Unarmed Combat
  4085 | D:6      | Noticed an ice beast
  4095 | D:6      | Killed an ice beast
  4319 | D:7      | Reached skill level 5 in Fighting
  4430 | D:7      | Reached XP level 9. HP: 42/47 MP: 10/10
  4613 | D:7      | Reached skill level 11 in Unarmed Combat
  5164 | D:8      | Gained mutation: You are resistant to electric shocks. [potion of beneficial mutation]
  5485 | D:8      | Reached skill level 1 in Armour
  5544 | D:8      | Reached XP level 10. HP: 55/55 MP: 11/11
  5594 | D:8      | Found Ulul's Food Boutique.
  5848 | D:8      | Found a staircase to the Lair.
  5848 | D:8      | Noticed a fire drake
  5855 | D:8      | Noticed Joseph
  5867 | D:8      | Killed Joseph
  5905 | D:8      | Killed a fire drake
  6468 | D:4      | Killed Pikel
  6468 | D:4      | Reached skill level 12 in Unarmed Combat
  6546 | D:4      | Killed a freed slave
  6690 | D:4      | Killed DEFE's ghost
  6945 | Lair:1   | Entered Level 1 of the Lair of Beasts
  7022 | Lair:1   | Noticed a five-headed hydra
  7062 | Lair:1   | Noticed a four-headed hydra
  7085 | Lair:1   | Killed a four-headed hydra
  7085 | Lair:1   | Reached XP level 11. HP: 7/63 MP: 3/12
  7238 | D:6      | Bought a runed scale mail for 92 gold pieces
  7584 | D:9      | Reached skill level 10 in Fighting
  7764 | D:9      | Found a shimmering altar of Xom.
  7766 | D:9      | Found an ancient bone altar of Kikubaaqudgha.
  7767 | D:9      | Found a shadowy altar of Dithmenos.
  8132 | D:10     | Entered Level 10 of the Dungeon
  8244 | D:10     | You fall through a shaft for 2 floors!
  8259 | D:12     | Got a twisted dagger
  8260 | D:12     | Identified the cursed +3 dagger "Keni Yzagh" {venom, Int+4} (You found it on level 12 of the Dungeon)
  8397 | D:12     | Learned a level 4 spell: Animate Dead
  8479 | D:11     | Reached skill level 1 in Invocations
  8555 | D:11     | Reached skill level 1 in Necromancy
  8728 | D:10     | Noticed a hill giant
  9097 | D:10     | Noticed a hill giant
  9103 | D:10     | Killed a hill giant
  9104 | D:10     | Found a staircase to the Orcish Mines.
  9226 | D:10     | Killed a hill giant
  9645 | D:11     | Learned a level 6 spell: Simulacrum
 10007 | D:11     | Reached skill level 13 in Unarmed Combat
 10536 | D:11     | Gained mutation: You regenerate. [Vine Stalker growth]
 10536 | D:11     | Reached XP level 12. HP: 67/67 MP: 15/15
 10546 | D:11     | Reached skill level 5 in Necromancy
 10645 | D:12     | Noticed an unseen horror
 10649 | D:12     | Killed an unseen horror
 10649 | D:12     | Reached skill level 1 in Spellcasting
 10726 | D:12     | Reached skill level 5 in Armour
 10726 | D:12     | Reached skill level 1 in Ice Magic
 10731 | D:12     | Slain by a titanic slime creature

Vault maps used:
D:1:      dpeg_arrival_morbid_curiosity
D:2:      cheibriados_altar_wand_db
D:3:      grunt_temple_overflow_open, grunt_dithmenos_smoke_and_mirrors
D:4:      minmay_temple_entry_statues, uniq_pikel
D:5:      grunt_temple_overflow_gold_and_silver,
          lemuel_zombie_altar_yredelemnul, first_bread,
          nemelex_diamond_rough_becter
D:6:      serial_shops, shop, glass_columns_a, st_stairs_9
D:7:      grunt_livestock
D:8:      minmay_lair_entry_lava, serial_shops, shop, uniq_joseph
D:9:      gammafunk_temple_overflow_forgotten, nrook_guardian_serpent_double
D:10:     orc_0_dummy
D:11:     eino_small_chamber_without_monster

Action                   |  1- 3 |  4- 6 |  7- 9 | 10-12 || total
-------------------------+-------+-------+-------+-------++-------
Melee: Unarmed           |    83 |   120 |   226 |   273 ||   702
 Cast: Animate Dead      |       |       |       |     7 ||     7
Evoke: Wand              |       |       |       |     4 ||     4
  Use: Scroll            |       |     4 |     1 |     9 ||    14
       Potion            |       |       |     3 |     2 ||     5
 Stab: Sleeping          |     7 |    13 |    14 |    12 ||    46
       Distracted        |       |       |     3 |     9 ||    12
  Eat: Chunk             |     1 |     2 |     5 |    12 ||    20
       Beef jerky        |       |       |       |     1 ||     1
       Royal jelly       |       |       |       |     1 ||     1
